 Dungeon Crawl Stone Soup version 0.31-a0-233-g139696dc86 (webtiles) character file.

Game seed: 18089134484264045361

129 qw the Shooter (level 5, -5/30 HPs)
             Began as a Gargoyle Hexslinger on July 8, 2023.
             Killed from afar by an orc wizard (6 damage)
             ... with a magic dart
             ... on level 3 of the Dungeon.
             The game lasted 00:00:56 (2354 turns).

qw the Shooter (Gargoyle Hexslinger)                Turns: 2354, Time: 00:00:56

Health: -5/30      AC:  6    Str: 11    XL:     5   Next: 12%
Magic:  6/6        EV: 12    Int: 14    God:
Gold:   164        SH:  0    Dex: 14    Spells: 5/6 levels left

rFire   . . .        Y - +1 sling
rCold   . . .        (no shield)
rNeg    + . .        c - +0 robe
rPois   inf          (no helmet)
rElec   +            (no cloak)
rCorr   .            (no gloves)
SInv    .            (no boots)
Will    +....        h - amulet of the acrobat
Stlth   +            b - ring of willpower
HPRegen 0.25/turn    (no ring)
MPRegen 0.10/turn

%: acrobat
@: no status effects
A: sickness immunity, AC +4, negative energy resistance 1, electricity
resistance, torment resistance 1, petrification resistance
a: no special abilities


You were on level 3 of the Dungeon.
You visited 1 branch of the dungeon, and saw 3 of its levels.

You collected 164 gold pieces.


Innate Abilities, Weirdness & Mutations

You are immune to sickness and miasma.
Your stone body is resilient. (AC +4)
You are immune to poison.
You resist negative energy. (rN+)
You are resistant to electric shocks. (rElec)
You are resistant to unholy torment.
You are immune to petrification.


   Skills:
 - Level 2.0 Fighting
 + Level 4.9 Ranged Weapons
 - Level 1.5 Dodging
 - Level 1.0 Spellcasting
 - Level 2.6 Hexes


You had 5 spell levels left.
You knew the following spells:

 Your Spells              Type           Power      Damage    Failure   Level
a - Slow                  Hex            32%        N/A       9%          1

Your spell library contained the following spells:

 Spells                   Type           Power      Damage    Failure   Level
 Inner Flame              Hex/Fire       4%         N/A       41%         3
 Portal Projectile        Hex/Tloc       8%         N/A       41%         3
 Cause Fear               Hex            4%         N/A       65%         4

Inventory:

Hand Weapons
 Y - a +1 sling (weapon)
Armour
 c - a +0 robe (worn)
Jewellery
 b - a ring of willpower (left hand)
 h - an amulet of the acrobat (around neck)
Scrolls
 a - a scroll of identify
 j - a scroll of summoning {unknown}
 l - a scroll of vulnerability {unknown}
 n - a scroll of blinking {unknown}
Potions
 d - a potion of mutation {unknown}
 e - a potion of ambrosia {unknown}
 f - a potion of haste {unknown}
 g - 2 potions of curing
 i - a potion of degeneration {unknown}
 k - 2 potions of enlightenment {unknown}
 m - a potion of cancellation {unknown}

Dungeon Overview and Level Annotations

Branches:
Dungeon (3/15)

Altars:
Sif Muna


Message History

You shoot a sling bullet.
The sling bullet hits the orc wizard but does no damage.
The orc wizard is almost dead.
The orc wizard barely misses you.
You shoot a sling bullet. The sling bullet hits the orc wizard.
You kill the orc wizard!
A magic dart appears from out of thin air!
The magic dart hits you.
You have reached level 5!
You shoot a sling bullet.
You hear some strange, mumbled words.
A magic dart appears from out of thin air!
The magic dart hits you.
You shoot a sling bullet. Something hits you but does no damage.
You shoot a sling bullet. Something hits you but does no damage.
You shoot a sling bullet. Something hits you but does no damage.
You shoot a sling bullet. Something hits you but does no damage.
You shoot a sling bullet.
Something hits you but does no damage. x2
You shoot a sling bullet. Something barely misses you.
You shoot a sling bullet. Something hits you.
You shoot a sling bullet. Something hits you.
You shoot a sling bullet. Something hits you.
You shoot a sling bullet. Something hits you.
You shoot a sling bullet. Something hits you.
Something hits you but does no damage.
You shoot a sling bullet.
You hear some strange, mumbled words.
A magic dart appears from out of thin air!
The magic dart hits you.
You die...

#.# #.##.....#######.#
#.#####...#............#
#.......#.#..#.#########
#######........# ##...).###
#####.# #.# #.# ########
##### #@# #......###...###{#
#.####.##..#..##.###### #.#
#.##.###...).....#
#.####.#.## ##.#.####.#
#.......## ##>..###.# #####
#..).....## ##.....##%###...#
#......<#.###.#...###.......#
#..#..#.##.#.###.## #####...#


There were no monsters in sight!

Vanquished Creatures
  Jessica (D:3)
  An orc wizard (D:3)
  An adder (D:3)
  A dart slug (D:2)
  3 orcs (D:3)
  3 endoplasms (D:1)
  4 giant cockroaches
  4 goblins
  6 hobgoblins
  9 jackals
  5 kobolds
  2 quokkas
  5 ball pythons
  7 bats
  4 frilled lizards
  3 rats
59 creatures vanquished.

Notes
Turn   | Place    | Note
-------+----------+-------------------------------------------
     0 | D:1      | qw the Gargoyle Hexslinger began the quest for the Orb.
     0 | D:1      | Reached XP level 1. HP: 12/12 MP: 2/2
     0 | D:1      | 0 ||| qw: Version: 0.3-a-46-gb1f654a
     0 | D:1      | 0 ||| qw: Game counter: 3696
     0 | D:1      | 0 ||| qw: Melee chars always use a shield: true
     0 | D:1      | 0 ||| qw: God list: Okawaru
     0 | D:1      | 0 ||| qw: Allow faded altars: false
     0 | D:1      | 0 ||| qw: Do Orc after clearing Dungeon:15 true
     0 | D:1      | 0 ||| qw: Do second Lair branch before Depths: true
     0 | D:1      | 0 ||| qw: Lair rune preference: random
     0 | D:1      | 0 ||| qw: Goals: Normal
     0 | D:1      | 0 ||| PLANNING D:1-11
   167 | D:1      | Reached XP level 2. HP: 16/16 MP: 3/3
   344 | D:1      | Reached skill level 3 in Ranged Weapons
   591 | D:1      | Reached XP level 3. HP: 19/21 MP: 4/4
   870 | D:1      | 870 ||| READING scroll labelled YSKULU MUEN.
   871 | D:1      | 871 ||| DROPPING scroll of poison.
  1069 | D:2      | Found a shimmering blue altar of Sif Muna.
  1258 | D:2      | 1258 ||| UPGRADING to amulet of the acrobat.
  1263 | D:2      | 1263 ||| UPGRADING to ring of willpower.
  1264 | D:2      | 1264 ||| DRINKING 2 glowing white potions.
  1289 | D:2      | 1289 ||| DRINKING 2 white potions.
  1290 | D:2      | 1290 ||| DROPPING potion of lignification.
  1518 | D:3      | 1518 ||| FLEEEEING.
  1519 | D:3      | 1519 ||| FLEEEEING.
  1520 | D:3      | 1520 ||| FLEEEEING.
  1530 | D:3      | 1530 ||| STAIRDANCE
  1559 | D:2      | 1559 ||| READING scroll labelled RUOMEM YHIUTZ.
  1560 | D:2      | 1560 ||| READING scroll labelled RIDOM CELUMPEI.
  1594 | D:3      | Noticed Jessica
  1605 | D:3      | Killed Jessica
  1606 | D:3      | Reached skill level 4 in Ranged Weapons
  1606 | D:3      | Reached XP level 4. HP: 26/26 MP: 5/5
  2341 | D:3      | HP: 6/26 [something/magic dart (6)]
  2342 | D:3      | Reached XP level 5. HP: 7/30 MP: 6/6
  2349 | D:3      | HP: 7/30 [something (1)]
  2351 | D:3      | HP: 3/30 [something (1)]
  2352 | D:3      | HP: 1/30 [something (2)]
  2354 | D:3      | Killed from afar by an orc wizard

Levels and vault maps discovered:
D:1:      scummos_arrival_forest, layout_loops_corners
D:2:      layout_rooms, basic_altar, grunt_ministairs_1
D:3:      layout_loops_corners, amethyst_killhole, uniq_jessica

Skill      XL: |  1  2  3 |
---------------+----------+-----
Ranged Weapons | 3 4 |  4.9
Fighting       | 2 |  2.0
Dodging        | |  1.5
Spellcasting   | |  1.0
Hexes          | |  2.6

Action                     |  1- 3 |  4- 6 || total
---------------------------+-------+-------++-------
   Fire: Sling             |   140 |    80 ||   220
    Use: Scroll            |     3 |       ||     3
         Potion            |     2 |       ||     2
 Armour: Robe              |    18 |    21 ||    39
  Dodge: Dodged            |    43 |    26 ||    69

Table legend:
 A = Non-vault XP
 B = Vault XP
 C = Vault XP percentage of total XP
 D = Non-vault monster count
 E = Vault monster count
 F = Vault count percentage of total count
                 A         B        C        D         E       F
            +---------+---------+-------+---------+---------+-------
      Total |     144 |      41 |  22.2 |      56 |       3 |   5.1
            +---------+---------+-------+---------+---------+-------
        D:1 |      40 |       0 |   0.0 |      23 |       0 |   0.0
        D:2 |      26 |       4 |  13.3 |      16 |       2 |  11.1
        D:3 |      78 |      37 |  32.2 |      17 |       1 |   5.6
            +---------+---------+-------+---------+---------+-------
